[ AOE2 MATCH · #504646081 ]
UnrankedMalians vs Lithuanians
Player's team · LOSS
[ REPLAY ANALYSIS · EXTRACTED FROM THE RECORDED GAME ]
Feudal
9:23
Castle
19:45
Imperial
—
| APM avg | 80.1 |
| APM peak | 109 |
| eAPM avg | 37.4 |
| Villagers / military | 45 / 38 |
Focus
⚔️ 51.8% · 🌾 48.2%
Spearman ×14 · Fishing Ship ×7 · Scout Cavalry ×7 · Archer ×6 · Unknown (2626) ×6 · Monk ×5
Feudal
9:19
Castle
13:41
Imperial
—
| APM avg | 72.0 |
| APM peak | 101 |
| eAPM avg | 30.0 |
| Villagers / military | 51 / 19 |
Focus
⚔️ 24.4% · 🌾 75.6%
Monk ×9 · Knight ×6 · Fishing Ship ×5 · Fire Galley ×4 · Unknown (2626) ×2
Match map
Initial resources + every placement click. Lines = walls · curves = elevation contours. ◆ gold · ⬟ stone · ● berries · ✦ relic · ◌ wall gap
Your base· ✓ Closed at 19:45 · 4t walls · 2 gate(s)
CNZS_Dooidy's base· ✓ Closed at 13:41 · 14t walls · no gate
Smoothed initial terrain · ◌ = detected wall gap · hover for details
Inputs per minute
— CNZS_DuDuZhu - - CNZS_Dooidy
Build order — CNZS_DuDuZhu
First 150 of 163 actions detected
| 0:00 | Queue | Villager (Male) |
| 0:01 | Queue | Villager (Male) |
| 0:03 | Research | Loom |
| 0:04 | Build | House |
| 0:06 | Build | House |
| 0:09 | Queue | Villager (Male) |
| 0:19 | Queue | Villager (Male) |
| 0:19 | Queue | Villager (Male) |
| 0:22 | Build | Lumber Camp |
| 0:38 | Queue | Villager (Male) |
| 0:38 | Queue | Villager (Male) |
| 1:45 | Queue | Villager (Male) |
| 1:54 | Build | Dock |
| 2:20 | Build | House |
| 2:30 | Queue | Villager (Male) |
| 2:46 | Queue | Fishing Ship |
| 2:49 | Queue | Villager (Male) |
| 3:28 | Queue | Villager (Male) |
| 3:28 | Queue | Villager (Male) |
| 3:32 | Queue | Fishing Ship |
| 3:32 | Queue | Fishing Ship |
| 3:50 | Queue | Villager (Male) |
| 4:06 | Queue | Fishing Ship |
| 4:08 | Queue | Villager (Male) |
| 4:16 | Build | House |
| 4:36 | Queue | Villager (Male) |
| 4:51 | Queue | Fishing Ship |
| 4:58 | Queue | Villager (Male) |
| 5:06 | Build | House |
| 5:17 | Queue | Villager (Male) |
| 5:42 | Queue | Villager (Male) |
| 6:11 | Build | Barracks |
| 6:17 | Queue | Villager (Male) |
| 6:42 | Queue | Fishing Ship |
| 6:48 | Queue | Villager (Male) |
| 7:01 | Build | House |
| 7:08 | Research | Feudal Age |
| 7:08 | Research | Feudal Age |
| 7:14 | Queue | Militia |
| 7:30 | Queue | Militia |
| 7:32 | Build | Mining Camp |
| 7:58 | Queue | Militia |
| 8:00 | Build | Lumber Camp |
| 8:23 | Queue | Villager (Male) |
| 8:40 | Build | House |
| 8:41 | Build | House |
| 9:23 | Age | Feudal Age |
| 9:25 | Research | Man-at-Arms (upgrade) |
| 9:25 | Research | Man-at-Arms (upgrade) |
| 9:28 | Build | Archery Range |
| 9:29 | Research | Double-Bit Axe |
| 9:29 | Research | Double-Bit Axe |
| 9:32 | Queue | Villager (Male) |
| 9:35 | Build | Fish Trap |
| 9:52 | Build | Mill |
| 9:54 | Build | Mill |
| 10:05 | Queue | Villager (Male) |
| 10:08 | Build | House |
| 10:10 | Queue | Fishing Ship |
| 10:19 | Queue | Skirmisher |
| 10:20 | Queue | Villager (Male) |
| 10:41 | Build | Fish Trap |
| 10:43 | Queue | Villager (Male) |
| 10:49 | Queue | Archer |
| 11:13 | Queue | Skirmisher |
| 11:15 | Build | Blacksmith |
| 11:17 | Queue | Villager (Male) |
| 11:26 | Queue | Unit 2626 |
| 11:26 | Queue | Villager (Male) |
| 11:48 | Queue | Spearman |
| 11:49 | Queue | Villager (Male) |
| 11:50 | Queue | Archer |
| 11:55 | Build | Palisade Gate |
| 11:57 | Queue | Villager (Male) |
| 12:02 | Build | Palisade Wall |
| 12:06 | Build | House |
| 12:07 | Build | Palisade Wall |
| 12:22 | Build | Fish Trap |
| 12:28 | Queue | Villager (Male) |
| 12:38 | Build | Palisade Gate |
| 12:43 | Queue | Unit 2626 |
| 12:43 | Queue | Unit 2626 |
| 12:45 | Queue | Villager (Male) |
| 12:49 | Build | Palisade Wall |
| 12:52 | Research | Town Watch |
| 12:52 | Queue | Villager (Male) |
| 13:02 | Queue | Archer |
| 13:08 | Build | Farm |
| 13:27 | Build | Farm |
| 13:28 | Research | Fletching |
| 13:28 | Queue | Villager (Male) |
| 13:39 | Queue | Villager (Male) |
| 13:53 | Queue | Spearman |
| 14:05 | Queue | Unit 2626 |
| 14:21 | Build | Stable |
| 14:26 | Queue | Villager (Male) |
| 14:27 | Queue | Unit 2626 |
| 14:29 | Queue | Villager (Male) |
| 14:37 | Queue | Archer |
| 14:45 | Queue | Spearman |
| 14:46 | Queue | Villager (Male) |
| 14:55 | Queue | Spearman |
| 15:07 | Queue | Villager (Male) |
| 15:10 | Build | House |
| 15:16 | Queue | Unit 2626 |
| 15:29 | Queue | Spearman |
| 15:33 | Research | Scale Mail Armor |
| 15:35 | Queue | Villager (Male) |
| 15:37 | Build | Farm |
| 15:46 | Queue | Villager (Male) |
| 16:01 | Queue | Spearman |
| 16:05 | Build | Market |
| 16:11 | Queue | Archer |
| 16:18 | Queue | Villager (Male) |
| 16:24 | Queue | Spearman |
| 16:25 | Queue | Villager (Male) |
| 16:44 | Queue | Spearman |
| 16:53 | Queue | Archer |
| 17:01 | Build | Farm |
| 17:02 | Build | Farm |
| 17:05 | Research | Castle Age |
| 17:05 | Research | Castle Age |
| 17:14 | Build | Mining Camp |
| 17:31 | Queue | Spearman |
| 17:44 | Queue | Spearman |
| 17:49 | Queue | Scout Cavalry |
| 17:50 | Build | Farm |
| 17:50 | Build | Farm |
| 18:00 | Build | Farm |
| 18:00 | Build | Farm |
| 18:03 | Queue | Spearman |
| 18:12 | Queue | Scout Cavalry |
| 18:39 | Queue | Villager (Male) |
| 18:46 | Queue | Scout Cavalry |
| 18:50 | Build | Farm |
| 18:54 | Build | Palisade Wall |
| 18:56 | Build | Farm |
| 19:00 | Research | Forging |
| 19:08 | Queue | Spearman |
| 19:16 | Queue | Spearman |
| 19:20 | Queue | Spearman |
| 19:38 | Queue | Villager (Male) |
| 19:45 | Age | Castle Age |
| 19:56 | Build | Mining Camp |
| 19:57 | Build | Monastery |
| 19:58 | Build | Monastery |
| 20:06 | Research | Light Cavalry (upgrade) |
| 20:09 | Queue | Villager (Male) |
| 20:36 | Queue | Monk |
| 20:40 | Queue | Scout Cavalry |
Build order — CNZS_Dooidy
136 actions detected in the replay
| 0:00 | Queue | Villager (Male) ×5 |
| 0:02 | Build | House |
| 0:04 | Research | Loom |
| 0:09 | Build | House |
| 0:15 | Queue | Villager (Male) ×5 |
| 0:15 | Queue | Villager (Male) |
| 0:27 | Build | Lumber Camp |
| 2:13 | Queue | Villager (Male) |
| 2:13 | Queue | Villager (Male) |
| 2:33 | Build | Dock |
| 2:52 | Build | House |
| 3:11 | Queue | Villager (Male) |
| 3:14 | Queue | Fishing Ship |
| 3:35 | Queue | Villager (Male) |
| 3:40 | Queue | Villager (Male) |
| 3:58 | Build | House |
| 3:59 | Queue | Fishing Ship |
| 4:30 | Queue | Villager (Male) |
| 4:43 | Queue | Fishing Ship |
| 4:52 | Queue | Villager (Male) |
| 5:16 | Queue | Villager (Male) |
| 5:17 | Queue | Fishing Ship |
| 5:24 | Build | Mill |
| 5:35 | Build | House |
| 5:45 | Queue | Villager (Male) |
| 6:16 | Queue | Villager (Male) |
| 6:18 | Queue | Fishing Ship |
| 6:41 | Queue | Villager (Male) |
| 7:01 | Build | Mining Camp |
| 7:04 | Research | Feudal Age |
| 7:58 | Build | House |
| 8:15 | Build | Barracks |
| 8:19 | Build | Palisade Wall |
| 8:36 | Queue | Villager (Male) |
| 8:47 | Build | Palisade Wall |
| 8:49 | Build | Palisade Wall |
| 8:59 | Build | Palisade Wall |
| 9:03 | Build | Palisade Wall |
| 9:04 | Build | Palisade Wall |
| 9:19 | Age | Feudal Age |
| 9:24 | Build | Palisade Wall |
| 9:25 | Build | Palisade Wall |
| 9:37 | Build | Stable |
| 9:40 | Queue | Villager (Male) |
| 9:55 | Build | Blacksmith |
| 10:04 | Build | Palisade Wall |
| 10:05 | Build | Palisade Wall |
| 10:10 | Queue | Villager (Male) |
| 10:33 | Queue | Villager (Male) |
| 10:45 | Build | House |
| 10:45 | Build | House |
| 11:01 | Research | Castle Age |
| 11:17 | Queue | Unit 2626 |
| 11:27 | Build | Palisade Wall |
| 11:28 | Build | Palisade Wall |
| 11:38 | Research | Double-Bit Axe |
| 12:15 | Research | Scale Barding Armor |
| 12:15 | Research | Scale Barding Armor |
| 12:27 | Queue | Fire Galley |
| 12:28 | Queue | Fire Galley |
| 13:07 | Queue | Unit 2626 |
| 13:19 | Queue | Villager (Male) |
| 13:24 | Build | House |
| 13:27 | Build | Palisade Wall |
| 13:27 | Build | Palisade Wall |
| 13:41 | Age | Castle Age |
| 13:44 | Queue | Knight |
| 13:44 | Queue | Knight |
| 13:54 | Build | Lumber Camp |
| 14:01 | Build | Town Center |
| 14:20 | Build | House |
| 14:22 | Build | House |
| 14:28 | Queue | Villager (Male) |
| 14:29 | Queue | Villager (Male) |
| 14:31 | Queue | Knight |
| 14:54 | Build | Monastery |
| 14:57 | Queue | Villager (Male) |
| 15:02 | Queue | Villager (Male) |
| 15:07 | Queue | Knight |
| 15:28 | Queue | Villager (Male) |
| 15:29 | Queue | Monk |
| 15:51 | Queue | Villager (Male) |
| 15:56 | Queue | Monk |
| 16:02 | Queue | Villager (Male) |
| 16:04 | Queue | Villager (Male) |
| 16:19 | Queue | Villager (Male) |
| 16:34 | Queue | Knight |
| 16:37 | Build | House |
| 16:45 | Queue | Villager (Male) |
| 16:48 | Build | House |
| 16:50 | Build | House |
| 17:07 | Build | Monastery |
| 17:17 | Queue | Monk |
| 17:27 | Queue | Knight |
| 17:29 | Queue | Villager (Male) |
| 17:57 | Queue | Monk |
| 17:58 | Queue | Villager (Male) |
| 18:13 | Queue | Villager (Male) |
| 18:16 | Build | Farm |
| 18:17 | Build | Farm |
| 18:18 | Build | Farm |
| 18:45 | Queue | Villager (Male) |
| 18:50 | Research | Sanctity |
| 18:50 | Research | Sanctity |
| 18:59 | Queue | Villager (Male) |
| 19:05 | Build | Mining Camp |
| 19:12 | Build | House |
| 19:18 | Queue | Villager (Male) |
| 19:29 | Queue | Villager (Male) |
| 19:45 | Queue | Villager (Male) |
| 19:47 | Queue | Monk |
| 19:47 | Queue | Monk |
| 19:57 | Queue | Villager (Male) |
| 20:09 | Queue | Fire Galley |
| 20:10 | Queue | Fire Galley |
| 20:20 | Research | Fervor |
| 20:21 | Queue | Monk |
| 20:27 | Build | Castle |
| 20:28 | Queue | Villager (Male) |
| 20:31 | Build | Farm |
| 20:32 | Build | Farm |
| 20:33 | Build | Farm |
| 20:35 | Build | Farm |
| 20:42 | Queue | Monk |
| 20:42 | Queue | Monk |
| 20:59 | Queue | Villager (Male) |
| 21:08 | Queue | Villager (Male) |
| 21:12 | Build | Barracks |
| 21:16 | Build | Farm |
| 21:16 | Build | Farm |
| 21:17 | Build | Farm |
| 21:32 | Build | Siege Workshop |
| 21:33 | Queue | Villager (Male) |
| 22:03 | Research | Redemption |
| 22:03 | Research | Redemption |
| 22:04 | Queue | Villager (Male) |
Match timeline
| 1:54 | CNZS_DuDuZhu · first_building Dock |
| 2:33 | CNZS_Dooidy · first_building Dock |
| 6:11 | CNZS_DuDuZhu · first_building Barracks |
| 8:15 | CNZS_Dooidy · first_building Barracks |
| 8:19 | CNZS_Dooidy · wall_segment Palisade Wall x1 |
| 8:47 | CNZS_Dooidy · wall_segment Palisade Wall x1 |
| 8:49 | CNZS_Dooidy · wall_segment Palisade Wall x1 |
| 8:59 | CNZS_Dooidy · wall_segment Palisade Wall x1 |
| 9:03 | CNZS_Dooidy · wall_segment Palisade Wall x1 |
| 9:04 | CNZS_Dooidy · wall_segment Palisade Wall x1 |
| 9:19 | CNZS_Dooidy · age_up feudal |
| 9:23 | CNZS_DuDuZhu · age_up feudal |
| 9:24 | CNZS_Dooidy · wall_segment Palisade Wall x1 |
| 9:25 | CNZS_Dooidy · wall_segment Palisade Wall x1 |
| 9:28 | CNZS_DuDuZhu · first_building Archery Range |
| 9:37 | CNZS_Dooidy · first_building Stable |
| 10:04 | CNZS_Dooidy · wall_segment Palisade Wall x1 |
| 10:05 | CNZS_Dooidy · wall_segment Palisade Wall x1 |
| 11:27 | CNZS_Dooidy · wall_segment Palisade Wall x1 |
| 11:28 | CNZS_Dooidy · wall_segment Palisade Wall x1 |
| 12:02 | CNZS_DuDuZhu · wall_segment Palisade Wall x1 |
| 12:07 | CNZS_DuDuZhu · wall_segment Palisade Wall x1 |
| 12:49 | CNZS_DuDuZhu · wall_segment Palisade Wall x1 |
| 13:27 | CNZS_Dooidy · wall_segment Palisade Wall x1 |
| 13:27 | CNZS_Dooidy · wall_segment Palisade Wall x1 |
| 13:41 | CNZS_Dooidy · age_up castle |
| 14:21 | CNZS_DuDuZhu · first_building Stable |
| 14:54 | CNZS_Dooidy · first_building Monastery |
| 17:00 | CNZS_DuDuZhu · first_market_buy 100 food |
| 18:54 | CNZS_DuDuZhu · wall_segment Palisade Wall x1 |
| 19:45 | CNZS_DuDuZhu · age_up castle |
| 19:57 | CNZS_DuDuZhu · first_building Monastery |
| 20:27 | CNZS_Dooidy · first_building Castle |
| 20:57 | CNZS_DuDuZhu · first_market_sell 100 food |
| 21:32 | CNZS_Dooidy · first_building Siege Workshop |
| 22:15 | CNZS_DuDuZhu · resign |
[ AI ANALYSIS · 1 CREDIT ]
What really happened in this match?
Wolo.gg analyzes every decision: build order, eco, micro, common mistakes by bracket. Personalized analysis on WhatsApp or Discord in 30 seconds.
Civ guide
Malians
Perfil
Jugador #6251969